 Dungeon Crawl Stone Soup version 0.25.1-2-g60ff931 (webtiles) character file.

Game seed: 6663387796937479356

2355 robertstho the Slinger (level 9, -9/62 HPs)
             Began as a Halfling Hunter on July 30, 2020.
             Was a Follower of Okawaru.
             Mangled by a two-headed ogre
             ... wielding a +0 giant spiked club
              (13 damage)
             ... on level 8 of the Dungeon.
             The game lasted 00:09:15 (6405 turns).

robertstho the Slinger (Halfling Hunter)            Turns: 6405, Time: 00:09:16

Health: -9/62      AC:  9    Str: 13    XL:     9   Next: 71%
Magic:  9/9        EV: 12    Int:  9    God:    Okawaru [*.....]
Gold:   400        SH:  0    Dex: 18    Spells: 8/8 levels left

rFire    . . .     SeeInvis +   a - +1 hunting sling
rCold    . . .     Gourm    .   (shield restricted)
rNeg     . . .     Faith    .   A - +0 scale mail
rPois    +         Spirit   .   (no helmet)
rElec    .         Reflect  .   b - +0 cloak
rCorr    .         Harm     .   (no gloves)
MR       .....                  i - +0 pair of boots
Stlth    ++........             (no amulet)
HPRegen  0.20/turn              t - ring of see invisible
MPRegen  0.11/turn              z - ring of poison resistance

@: no status effects
A: small, mutation resistance 1
a: Heroism, Renounce Religion


You were on level 8 of the Dungeon.
You worshipped Okawaru.
Okawaru was aware of your devotion.
You were not hungry.

You visited 1 branch of the dungeon, and saw 8 of its levels.

You collected 400 gold pieces.

Inventory:

Hand Weapons
 a - a +1 hunting sling (weapon)
 d - a +2 short sword of venom
 g - the +11 short sword of the Heavens {vorpal, *Noise +Blink rN+ Str+3}
   (You found it on level 7 of the Dungeon)

   It inflicts extra damage upon your enemies.
   It affects your strength (+3).
   It protects you from negative energy.
   It lets you blink.
   It may make noises in combat.
Missiles
 e - 117 stones (quivered)
Armour
 b - a +0 cloak (worn)
 i - a +0 pair of boots (worn)
 A - a +0 scale mail (worn)
Jewellery
 t - a ring of see invisible (left hand)
 x - an uncursed ring of resist corrosion
 z - a ring of poison resistance (right hand)
Wands
 y - a wand of flame (23)
Scrolls
 c - a scroll of summoning {unknown}
 h - 3 scrolls of enchant armour
 k - 2 scrolls of remove curse
 l - 4 scrolls of blinking {unknown}
 m - 4 scrolls of amnesia {unknown}
 o - 2 scrolls of fear {unknown}
 p - a scroll of immolation {unknown}
 s - 3 scrolls of fog {unknown}
 u - a scroll of magic mapping {unknown}
 v - 2 scrolls of noise {unknown}
 w - 2 scrolls of teleportation
Potions
 j - 2 potions of curing
 n - a potion of invisibility
 r - 2 potions of ambrosia
 B - a potion of heal wounds {unknown}
 C - 2 potions of brilliance
 D - a potion of haste {unknown}
Comestibles
 f - 11 rations
 E - 6 chunks of flesh


   Skills:
 * Level 6.0 Fighting
 + Level 0.2 Short Blades
 * Level 13.4 Slings
 + Level 3.3 Armour
 + Level 2.4 Dodging
 * Level 5.1 Stealth
 * Level 1.3 Invocations


You had 8 spell levels left.
You didn't know any spells.
Your spell library was empty.

Dungeon Overview and Level Annotations

Branches:
Dungeon (8/15)             Temple (0/1) D:6
   Lair: D:8-11

Altars:
Ashenzari
Dithmenos
Gozag
Hepliaklqana
Kikubaaqudgha
Makhleb
Nemelex Xobeh
Okawaru
Trog
Uskayaw
Vehumet
Yredelemnul


Innate Abilities, Weirdness & Mutations

You are small and have problems with some larger weapons.
You are somewhat resistant to further mutation.


Message History

Firing (i - inventory)
e - 118 stones (quivered)
Press: ? - help, Shift-Dir - straight line, f/p - two-headed ogre
Aim: a two-headed ogre, wielding a +0 giant spiked club and a +0 giant club (moderately wounded)
You shoot a stone.
The stone barely misses the two-headed ogre.
The two-headed ogre hits you with a +0 giant spiked club!!
The two-headed ogre hits you with a cursed +0 giant club!!
* * * LOW HITPOINT WARNING * * *
A centaur comes into view.
Found a stone staircase leading down.
The centaur shouts!
The centaur wields a +0 shortbow.
The centaur shoots an arrow.
The arrow closely misses you.
The centaur shoots an arrow.
The arrow hits you but does no damage.
There is an escape hatch in the floor here.
You see here an arrow.
The centaur shoots an arrow.
The arrow hits you!
* * * LOW HITPOINT WARNING * * *
The two-headed ogre hits you with a +0 giant spiked club!
You die...

..รท.#####.#.#####.(...#
.8..# #.#........(..#
....# ..##.......(..#
....# .. #.....#.##.#
+++## ... #.....#.# #
#.....#.# #.....#.#
.##....O#.####.
.......@.....>.
...#..#######c. ...#..
.. #.. #.. #.


You could see a two-headed ogre and a centaur.

Vanquished Creatures
  A water moccasin (D:7)
  An orc warrior (D:7)
  3 phantoms
  A sky beast (D:3)
  2 centaurs
  An ogre (D:6)
  A big kobold (D:4)
  2 bullfrogs
  A scorpion (D:5)
  4 wights (D:5)
  2 howler monkeys (D:4)
  2 crimson imps
  2 hounds
  2 bullfrog zombies
  A jelly (D:6)
  11 orc wizards
  2 bullfrog skeletons
  4 orc priests
  A centaur skeleton (D:5)
  2 iguanas
  6 worker ants
  2 worker ant zombies
  A howler monkey skeleton (D:6)
  4 adders
  2 worms
  3 dart slugs
  4 leopard geckos
  10 orcs
  2 ball pythons
  5 bats
  6 giant cockroaches
  7 goblins
  6 hobgoblins
  9 jackals
  3 kobolds
  5 quokkas
  5 frilled lizards
  A leopard gecko skeleton (D:5)
  2 quokka skeletons
  11 rats
140 creatures vanquished.

Notes
Turn   | Place    | Note
-------+----------+-------------------------------------------
     0 | D:1      | robertstho the Halfling Hunter began the quest for the Orb.
     0 | D:1      | Reached XP level 1. HP: 14/14 MP: 1/1
   153 | D:1      | Reached skill level 6 in Slings
   180 | D:1      | Reached XP level 2. HP: 19/19 MP: 2/2
   675 | D:2      | Noticed a phantom
   686 | D:2      | Killed a phantom
   686 | D:2      | Reached skill level 7 in Slings
   686 | D:2      | Reached XP level 3. HP: 25/25 MP: 3/3
   686 | D:2      | Reached XP level 4. HP: 30/30 MP: 4/4
   686 | D:2      | Reached XP level 5. HP: 35/35 MP: 5/5
  1014 | D:2      | Found an ancient bone altar of Kikubaaqudgha.
  1158 | D:2      | Found a sparkling altar of Nemelex Xobeh.
  1315 | D:3      | Reached skill level 8 in Slings
  1699 | D:3      | Reached XP level 6. HP: 41/41 MP: 6/6
  1716 | D:3      | Reached skill level 1 in Armour
  1824 | D:3      | Noticed a sky beast
  1837 | D:3      | Killed a sky beast
  1837 | D:3      | Reached skill level 9 in Slings
  1947 | D:3      | Found a shattered altar of Ashenzari.
  2501 | D:4      | Reached XP level 7. HP: 34/46 MP: 7/7
  2702 | D:4      | Reached skill level 10 in Slings
  2859 | D:4      | Found an opulent altar of Gozag.
  2859 | D:4      | Found a burning altar of Makhleb.
  2861 | D:4      | Found a shadowy altar of Dithmenos.
  2863 | D:4      | Found a bloodstained altar of Trog.
  2866 | D:4      | Found a hazy altar of Hepliaklqana.
  3093 | D:4      | Reached XP level 8. HP: 54/54 MP: 8/8
  3192 | D:5      | Entered Level 5 of the Dungeon
  3329 | D:5      | Reached skill level 11 in Slings
  4261 | D:6      | Reached skill level 5 in Fighting
  4282 | D:6      | Reached skill level 12 in Slings
  4317 | D:6      | Found a hazy altar of Hepliaklqana.
  4362 | D:6      | Reached XP level 9. HP: 61/61 MP: 9/9
  4576 | D:6      | Found a radiant altar of Vehumet.
  4872 | D:6      | Found a basalt altar of Yredelemnul.
  4872 | D:6      | Found an iron altar of Okawaru.
  4918 | D:6      | Found a hide-covered altar of Uskayaw.
  4961 | D:6      | Became a worshipper of Warmaster Okawaru
  5054 | D:6      | Found a staircase to the Ecumenical Temple.
  5330 | D:7      | Got a crystal short sword
  5360 | D:7      | Identified the +11 short sword of the Heavens {vorpal,
                  | *Noise +Blink rN+ Str+3} (You found it on level 7 of the
                  | Dungeon)
  5558 | D:7      | Reached skill level 13 in Slings
  5580 | D:7      | Reached skill level 1 in Invocations
  5759 | D:7      | Reached skill level 5 in Stealth
  6313 | D:8      | Reached * piety under Okawaru
  6388 | D:8      | Noticed a two-headed ogre
  6405 | D:8      | Mangled by a two-headed ogre

Illustrated notes

Levels and vault maps discovered:
D:1:      tarquinn_simple_flora_water_b, layout_loops_ring, st_stairs_6
D:2:      layout_basic, lemuel_doored_altar, nemelex_altar_shiori,
          minmay_misc_feat_pillars, hangedman_abyss_or_decor_lesser_grid
D:3:      layout_loops_ring, nicolae_overflow_crystal_walls, st_stairs_6
D:4:      layout_rooms, grunt_temple_overflow_open
D:5:      layout_layer_cave, first_ration
D:6:      layout_rooms, marbit_many_paths, kennysheep_mini_moat,
          gammafunk_temple_overflow_wave, lemuel_temple_firewalk_a, basic_altar
D:7:      layout_cave_pods
D:8:      layout_basic, slow_altar_2, erik_lair_orcish_takeover

Skill      XL: |  1  2  3  4  5  6  7  8  9 |
---------------+----------------------------+-----
Slings         | 6 7 8 9 10 12 13 | 13.4
Fighting       | 2 3 5 6 |  6.0
Stealth        | 2 3 5 |  5.1
Armour         | 1 2 3 |  3.3
Invocations    | 1 |  1.3
Short Blades   | |  0.2
Dodging        | |  2.4

Action                   |  1- 3 |  4- 6 |  7- 9 || total
-------------------------+-------+-------+-------++-------
Melee: Short sword       |       |       |     7 ||     7
       Hunting sling     |       |       |     2 ||     2
 Fire: Hunting sling     |    51 |   172 |   470 ||   693
  Use: Scroll            |       |       |     8 ||     8
       Potion            |       |       |     2 ||     2
 Stab: Invisible         |       |       |     2 ||     2
  Eat: Chunk             |       |     4 |    12 ||    16
Armor: Leather armour    |     1 |     5 |     6 ||    12
       Scale mail        |       |       |    15 ||    15
Dodge: Dodged            |    10 |    21 |    80 ||   111
